 Dungeon Crawl Stone Soup version 0.31.0-32-g396128a36d (webtiles) character file.

Game seed: 17406889705704602107

46 PaiMei the Gusty (level 3, -4/19 HPs)
             Began as a Tengu Air Elementalist on Mar 15, 2024.
             Slain by Crazy Yiuf
             ... wielding a +3 quarterstaff of chaos
              (10 damage)
             ... on level 2 of the Dungeon.
             The game lasted 00:02:18 (2048 turns).

PaiMei the Gusty (Tengu Air Elementalist)           Turns: 2048, Time: 00:02:18

Health: -4/19      AC:  2    Str:  8    XL:     3   Next: 66%
Magic:  0/7        EV: 12    Int: 17    God:
Gold:   76         SH:  0    Dex: 14    Spells: 5/6 levels left

rFire   . . .        j - +0 quarterstaff
rCold   . . .        (shield currently unavailable)
rNeg    . . .        a - +0 robe
rPois   .            (helmet restricted)
rElec   .            (no cloak)
rCorr   .            (no gloves)
SInv    .            (boots unavailable)
Will    .....        (no amulet)
Stlth   ++           (no ring)
HPRegen 0.23/turn    (no ring)
MPRegen 0.10/turn

%: acrobat
@: very slightly contaminated
A: beak, talons 3, acrobatic
a: no special abilities


You were on level 2 of the Dungeon.
You visited 1 branch of the dungeon, and saw 2 of its levels.

You collected 76 gold pieces.

Inventory:

Hand Weapons
 j - a +0 quarterstaff (weapon)
Armour
 a - a +0 robe (worn)
Jewellery
 h - a ring of ice
Scrolls
 c - a scroll of blinking {unknown}
 d - a scroll of amnesia {unknown}
 e - 2 scrolls of identify {unknown}
 f - 2 scrolls of teleportation {unknown}
 i - 3 scrolls of noise {unknown}
 l - a scroll of immolation {unknown}
Potions
 b - 2 potions of magic
 g - a potion of enlightenment {unknown}
 k - a potion of invisibility {unknown}
 m - 2 potions of heal wounds {unknown}
 n - a potion of haste {unknown}


   Skills:
 + Level 2.7 Dodging
 + Level 2.5 Stealth
 + Level 2.3 Spellcasting
 + Level 2.4 Conjurations
 + Level 4.4 Air Magic


You had 5 spell levels left.
You knew the following spells:

 Your Spells              Type           Power      Damage    Failure   Level
a - Shock                 Conj/Air       52%        1d6       4%          1

Your spell library contained the following spells:

 Spells                   Type           Power      Damage    Failure   Level
 Static Discharge         Conj/Air       26%        3-5/arc   7%          2
 Swiftness                Air            17%        N/A       9%          3
 Airstrike                Air            8%         2d(2-18)  30%         4


Dungeon Overview and Level Annotations

Branches:
Dungeon (2/15)

Altars:

Annotations:
D:2 Crazy Yiuf


Innate Abilities, Weirdness & Mutations

You have a beak for a mouth.
You have claws for feet.
You can magically evade attacks while moving or waiting.


Message History

Press: ? - help, Shift-Dir - straight line, f/p - Crazy Yiuf
Aim: Crazy Yiuf, wielding a +3 quarterstaff of chaos and wearing a +0 cloak (lightly wounded, 72% to hit)
The zap hits Crazy Yiuf.
Crazy Yiuf is heavily wounded.
Crazy Yiuf closely misses you.
Casting: Shock (safe; 4% risk of failure)
Confirm with . or Enter, or press ? or * to list all spells.
Aiming: Shock (safe; 4% risk of failure)
Press: ? - help, Shift-Dir - straight line, f/p - Crazy Yiuf
Aim: Crazy Yiuf, wielding a +3 quarterstaff of chaos and wearing a +0 cloak (heavily wounded, 72% to hit)
You miscast Shock.
You are very lightly contaminated with residual magic.
Nothing appears to happen.
Crazy Yiuf closely misses you.
Casting: Shock (safe; 4% risk of failure)
Confirm with . or Enter, or press ? or * to list all spells.
Aiming: Shock (safe; 4% risk of failure)
Press: ? - help, Shift-Dir - straight line, f/p - Crazy Yiuf
Aim: Crazy Yiuf, wielding a +3 quarterstaff of chaos and wearing a +0 cloak (heavily wounded, 72% to hit)
The zap misses Crazy Yiuf.
Crazy Yiuf hits you with a +3 quarterstaff of chaos!
Ouch! That really hurt!
Crazy Yiuf burns you.
* * * LOW HITPOINT WARNING * * *
Casting: Shock (safe; 4% risk of failure)
Confirm with . or Enter, or press ? or * to list all spells.
Aiming: Shock (safe; 4% risk of failure)
Press: ? - help, Shift-Dir - straight line, f/p - Crazy Yiuf
Aim: Crazy Yiuf, wielding a +3 quarterstaff of chaos and wearing a +0 cloak (heavily wounded, 72% to hit)
The zap hits Crazy Yiuf.
Crazy Yiuf is severely wounded.
Crazy Yiuf barely misses you.
Casting: Shock (safe; 4% risk of failure)
Confirm with . or Enter, or press ? or * to list all spells.
Aiming: Shock (safe; 4% risk of failure)
Press: ? - help, Shift-Dir - straight line, f/p - Crazy Yiuf
Aim: Crazy Yiuf, wielding a +3 quarterstaff of chaos and wearing a +0 cloak (severely wounded, 72% to hit)
The zap misses Crazy Yiuf.
Crazy Yiuf hits you with a +3 quarterstaff of chaos!
Ouch! That really hurt!
You die...

#.# ##.#### #.# #.#
#.# #.# ### ##'##
##...## ##.....## ###
♣♣##.......# #)..#♣♣
♣♣...........
#...g@♣♣♣♣............
#...#♣..♣.PP..........
### ♣♣♣.♣......^....#
♣♣♣♣♣###.....##
##...## ####### ###
##'## #.....# #.# #.#
#.#.#####.######.#
#<#.##........##.##


You could see Crazy Yiuf.

Vanquished Creatures
  An adder (D:2)
  A dart slug (D:1)
  A ribbon worm (D:2)
  3 endoplasms (D:1)
  2 giant cockroaches
  3 goblins
  4 hobgoblins
  4 ball pythons
  5 bats
  2 frilled lizards (D:1)
  2 kobolds (D:1)
  3 rats
31 creatures vanquished.

Notes
Turn   | Place    | Note
-------+----------+-------------------------------------------
     0 | D:1      | PaiMei the Tengu Air Elementalist began the quest for the
                  | Orb.
     0 | D:1      | Reached XP level 1. HP: 10/10 MP: 4/4
   387 | D:1      | Reached XP level 2. HP: 15/15 MP: 1/6
  1041 | D:2      | Reached XP level 3. HP: 19/19 MP: 5/7
  1130 | D:2      | Found a faded altar of an unknown god.
  1823 | D:2      | Found a runed translucent door.
  1824 | D:2      | Noticed Crazy Yiuf
  2048 | D:2      | Slain by Crazy Yiuf

Illustrated notes

Levels and vault maps discovered:
D:1:      tekkud_arrival_beachfront_property, layout_basic
D:2:      layout_loops_corners, dreamdust_ecumenical_altar_grove,
          uniq_crazy_yiuf_cottage

Skill      XL: |  1  2 |
---------------+-------+-----
Conjurations   | 2 |  2.4
Dodging        | |  2.7
Stealth        | |  2.5
Spellcasting   | |  2.3
Air Magic      | |  4.4

Action                     || total
---------------------------++-------
  Melee: Unarmed           ||     7
         Kick              ||     2
         Peck              ||     1
         Quarterstaff      ||     1
   Cast: Shock             ||    67
 Armour: Robe              ||    10
  Dodge: Dodged            ||    10
